 Dungeon Crawl Stone Soup version 0.20-a0-555-gf6ae02d (webtiles) character file.

116 Kiturien the Slasher (level 5, -1/40 HPs)
             Began as a Barachian Skald on Feb 6, 2017.
             Slain by Sigmund
             ... wielding a +3 scythe of slicing
              (8 damage)
             ... on level 3 of the Dungeon on Feb 7, 2017.
             The game lasted 00:08:53 (1602 turns).

Kiturien the Slasher (Barachian Skald)              Turns: 1602, Time: 00:08:54

Health: -1/40      AC:  7    Str: 11    XL:     5   Next: 0%
Magic:  8/8        EV: 12    Int: 11    God:
Gold:   97         SH:  0    Dex: 10    Spells: 5/8 levels left

rFire    + . .     SeeInvis .   o - +0 long sword
rCold    x . .     Gourm    .   b - +0 leather armour
rNeg     . . .     Faith    .   (no shield)
rPois    .         Spirit   .   p - +1 helmet
rElec    .         Reflect  .   (no cloak)
rCorr    .         Harm     .   e - +0 pair of gloves
MR       .....                  q - +0 pair of boots
Stlth    +.........             j - amulet of regeneration
Regen    0.6/turn               (no ring)
                                l - ring of fire

@: can't hop, slow
A: swims, slowness 1, strong legs 1
a: Hop


You were on level 3 of the Dungeon.
You were not hungry.

You visited 1 branch of the dungeon, and saw 3 of its levels.

You collected 97 gold pieces.

Inventory:

Hand Weapons
 a - a +0 falchion
 o - a +0 long sword (weapon)
Armour
 b - a +0 leather armour (worn)
 e - a +0 pair of gloves (worn)
 g - a +0 ring mail
 p - a +1 helmet (worn)
 q - a +0 pair of boots (worn)
Jewellery
 j - an amulet of regeneration (around neck)
 l - a ring of fire (left hand)
Wands
 m - a wand of acid (9/15)
Scrolls
 f - a scroll of blinking {unknown}
 h - a scroll of fog
 i - a scroll of identify
Potions
 n - a potion of brilliance
Books
 c - a book of Battle

   Spells                             Type                      Level
   a - Infusion                       Charms                       1
   b - Shroud of Golubria             Charms/Translocation         2
   c - Song of Slaying                Charms                       2
   d - Spectral Weapon                Hexes/Charms                 3
   e - Regeneration                   Charms/Necromancy            3
Comestibles
 d - 3 bread rations
 k - a fruit


   Skills:
 - Level 2.9 Fighting
 - Level 3.5 Long Blades
 + Level 2.5 Armour
 + Level 2.4 Dodging
 - Level 2.1 Spellcasting
 - Level 3.3 Charms


You had 5 spell levels left.
You knew the following spells:

 Your Spells              Type           Power        Failure   Level  Hunger
a - Infusion              Chrm           #...         12%         1    ##.....
b - Song of Slaying       Chrm           #.......     17%         2    ###....


Dungeon Overview and Level Annotations

Branches:
Dungeon (3/15)

Altars:
Kikubaaqudgha

Annotations:
D:3 Sigmund


Innate Abilities, Weirdness & Mutations

You can swim through water.
You cover ground slowly.
You can hop short distances.


Message History

The leopard gecko misses you.
Found a shield.
The leopard gecko closely misses you. The leopard gecko barely misses you.
Sigmund mumbles some strange words.
Sigmund flickers and vanishes!
Deactivating autopickup; reactivate with Ctrl-A.
Unknown command.
The leopard gecko bites you but does no damage.
The leopard gecko bites you.
* * * LOW HITPOINT WARNING * * *
The leopard gecko bites you.
* * * LOW HITPOINT WARNING * * *
The leopard gecko bites you but does no damage.
The leopard gecko completely misses you.
You riposte.
You miss the leopard gecko. The leopard gecko bites you.
* * * LOW HITPOINT WARNING * * *
Something hits you!
You die...

########### ######.........#
.....'.........#####
######.............#
.....<......<......#
#..................#
#.###..............##########
# #...........@.....!......
#..........#l........#.#
#.####.#######.#.........#.#
#....†.# #.#...#.......#
######.# #.#.....#+#...# #.#
##.#.#####.#...#
#.######..#.#####.#...##
#>.....................#
########.##.#####.###..#


You could see a leopard gecko.

Vanquished Creatures
  2 bullfrog skeletons (D:3)
  An adder (D:3)
  A dart slug (D:2)
  5 leopard geckos
  A giant cockroach (D:1)
  3 goblins
  2 hobgoblins (D:2)
  3 jackals (D:3)
  2 quokkas (D:2)
  5 bats
  3 frilled lizards (D:2)
  7 kobolds
  9 rats
44 creatures vanquished.

Vanquished Creatures (others)
  A human (D:2)
1 creature vanquished.

Grand Total: 45 creatures vanquished

Notes
Turn   | Place    | Note
-------+----------+-------------------------------------------
     0 | D:1      | Kiturien the Barachian Skald began the quest for the Orb.
     0 | D:1      | Reached XP level 1. HP: 16/16 MP: 3/3
   222 | D:1      | Reached XP level 2. HP: 20/23 MP: 5/5
   834 | D:1      | Learned a level 2 spell: Song of Slaying
   879 | D:2      | Reached XP level 3. HP: 22/28 MP: 6/6
   949 | D:2      | Found an ancient bone altar of Kikubaaqudgha.
   952 | D:2      | Noticed a human
   954 | D:2      | Killed a human
  1406 | D:3      | Reached XP level 4. HP: 24/34 MP: 7/7
  1551 | D:3      | Reached XP level 5. HP: 38/40 MP: 8/8
  1571 | D:3      | Noticed Sigmund
  1602 | D:3      | Slain by Sigmund

Vault maps used:
D:1:      erik_arrival_triangle_small
D:2:      tgw_kikubaaqudgha
D:3:      first_bread, uniq_sigmund

Skill      XL: |  1  2  3 |
---------------+----------+-----
Long Blades    | 3 |  3.5
Armour         | 2 |  2.5
Fighting       | |  2.9
Dodging        | |  2.4
Spellcasting   | |  2.1
Charms         | |  3.3

Action                   |  1- 3 |  4- 6 || total
-------------------------+-------+-------++-------
Melee: Falchion          |    99 |       ||    99
       Long sword        |    24 |    37 ||    61
 Cast: Infusion          |     2 |       ||     2
 Abil: Hop               |       |     1 ||     1
  Use: Potion            |     6 |       ||     6
       Scroll            |     1 |     1 ||     2
 Stab: Sleeping          |     1 |       ||     1
  Eat: Chunk             |     3 |       ||     3
Armor: Ring mail         |    72 |       ||    72
       Leather armour    |     8 |    19 ||    27
Dodge: Dodged            |    97 |    44 ||   141
       Rpst.: Falchion   |    28 |       ||    28
       Long sword        |     7 |    12 ||    19
